 Dungeon Crawl Stone Soup version 0.29.0-4-gdea44cf6ec (webtiles) character file.

Game seed: 14086506642337847475

1 qw the Sneak (level 1, 0/14 HPs)
             Began as a Gargoyle Delver on Sept 10, 2022.
             Was an Initiate of Okawaru.
             Slain by an iguana (4 damage)
             ... on level 4 of the Dungeon.
             The game lasted 00:00:05 (241 turns).

qw the Sneak (Gargoyle Delver)                       Turns: 241, Time: 00:00:05

Health: 0/14       AC:  8    Str: 15    XL:     1   Next: 20%
Magic:  1/1        EV: 11    Int: 10    God:    Okawaru [......]
Gold:   18         SH:  0    Dex: 11    Spells: 0/0 levels left

rFire   . . .      SeeInvis .   a - +0 hand axe
rCold   . . .      Faith    .   (no shield)
rNeg    + . .      Spirit   .   b - +0 leather armour
rPois   inf        Reflect  .   (no helmet)
rElec   +          Harm     .   h - +2 cloak {rCorr}
rCorr   +          Rampage  .   (no gloves)
Will    .....                   (no boots)
Stlth   +++.......              (no amulet)
HPRegen 0.04/turn               (no ring)
MPRegen 0.07/turn               (no ring)

@: no status effects
A: sickness immunity, AC +2, negative energy resistance 1, electricity
resistance, torment resistance 1, petrification resistance
a: Renounce Religion


You were on level 4 of the Dungeon.
You worshipped Okawaru.
Okawaru was noncommittal.
You visited 2 branches of the dungeon, and saw 3 of its levels.

You collected 18 gold pieces.


Innate Abilities, Weirdness & Mutations

You are immune to sickness and miasma.
Your stone body is resilient. (AC +2)
You are immune to poison.
You resist negative energy. (rN+)
You are resistant to electric shocks. (rElec)
You are resistant to unholy torment.
You are immune to petrification.


   Skills:
 - Level 3.2 Fighting
 + Level 1.9 Axes
 - Level 1.5 Dodging
 - Level 5.4 Stealth


You couldn't memorise any spells.
You didn't know any spells.
Your spell library was empty.

Inventory:

Hand Weapons
 a - a +0 hand axe (weapon)
 d - a +0 whip
Armour
 b - a +0 leather armour (worn)
 h - a +2 cloak of preservation (worn)
Wands
 g - a wand of digging (3)
Scrolls
 c - a scroll of amnesia {unknown}
 e - a scroll of teleportation {unknown}
Potions
 f - a potion of haste

Dungeon Overview and Level Annotations

Branches:
Dungeon (5/15)             Temple (1/1) D:5

Altars:
Cheibriados
Dithmenos
Gozag
Makhleb
Okawaru
Qazlal
Sif Muna
Uskayaw
Vehumet
Yredelemnul
The Shining One
Lugonu


Message History

Where to? (* - list waypoints, Enter - D:5, ? - help)
What level of the Dungeon? (default 1, ? - help)
There is a stone staircase leading up here.
You climb upwards.
Found a scroll labelled OCZOOD TEHIQ and 18 gold pieces.
There is a stone staircase leading down here.
Existing waypoints: (1) Temple (2) D:5 Assign waypoint to what number? (0-9, D - delete waypoint) Waypoint 1 re-assigned from Temple to D:4.
Found 2 atropa-tipped darts.
c - a scroll labelled OCZOOD TEHIQ You now have 18 gold pieces.
Found a burning altar of Makhleb.
Enter note:
d - a +0 whip
There is a burning altar of Makhleb here.
You see here a +0 robe.
Press < or > to pray at altars.
Press < or > to pray at altars.
Press < or > to pray at altars.
An endoplasm comes into view.
The endoplasm quivers.
Found a spear.
You hit the endoplasm.
The endoplasm is moderately wounded.
The endoplasm hits you but does no damage.
You hit the endoplasm.
You kill the endoplasm!
Okawaru accepts your kill.
e - a scroll labelled XAUXAC GOXAO
Found a stormy altar of Qazlal.
Enter note: An iguana comes into view.
You hit the iguana but do no damage. The iguana bites you!
Ouch! That really hurt!
You hit the iguana but do no damage. The iguana completely misses you.
The iguana bites you.
You die...

##....... .#
...._.. #.#
...... #.# ....
#.# ... #.# #.#
#.#
###.###l######.#
.......@.......#
###.##########.#
#....# #.##.#
#.##.# #.##.#
#.##.# #.##.#
#.##.#


You could see an iguana.

Vanquished Creatures
  An endoplasm (D:4)
1 creature vanquished.

Notes
Turn   | Place    | Note
-------+----------+-------------------------------------------
     0 | D:5      | qw the Gargoyle Delver began the quest for the Orb.
     0 | D:5      | Reached XP level 1. HP: 14/14 MP: 1/1
     0 | D:5      | 0 ||| qw: Version: 0.1-a-116-g5d60599
     0 | D:5      | 0 ||| qw: Game counter: 9452
     0 | D:5      | 0 ||| qw: Always use a shield: true
     0 | D:5      | 0 ||| qw: God list: Okawaru
     0 | D:5      | 0 ||| qw: Allow faded altars: false
     0 | D:5      | 0 ||| qw: Do Orc after D:15 true
     0 | D:5      | 0 ||| qw: Do second Lair branch before Depths: true
     0 | D:5      | 0 ||| qw: Lair rune preference: random
     0 | D:5      | 0 ||| qw: Plans: Normal
     0 | D:5      | 0 ||| PLANNING D:1-11
    38 | D:5      | Found a staircase to the Ecumenical Temple.
    39 | D:5      | 39 ||| PLANNING TEMPLE
    39 | D:5      | 39 ||| UPGRADING to +2 cloak of preservation.
    44 | D:5      | 44 ||| DROPPING scroll of fog.
    45 | D:5      | 45 ||| DROPPING scroll of magic mapping.
    46 | D:5      | 46 ||| DROPPING scroll of fear.
    56 | Temple   | Entered the Ecumenical Temple
    93 | Temple   | 93 ||| PLANNING D:1-11
   105 | Temple   | Became a worshipper of Warmaster Okawaru
   171 | D:4      | Found a burning altar of Makhleb.
   235 | D:4      | Found a stormy altar of Qazlal.
   236 | D:4      | Noticed an iguana
   241 | D:4      | Slain by an iguana

Levels and vault maps discovered:
D:4:      layout_loops_ring, bloody_makhleb, mainiacjoe_overflow_brackets,
          mainiacjoe_overflow_alcove_1, lemuel_round_altar,
          kennysheep_cross_bottleneck
D:5:      layout_loops_ring, temple_statues, minmay_holes, grunt_decor_fettered
Temple:   corrupted_temple

Action                   || total
-------------------------++-------
Melee: Hand axe          ||     4
Armor: Leather armour    ||     1
Dodge: Dodged            ||     1

Table legend:
 A = Non-vault XP
 B = Vault XP
 C = Vault XP percentage of total XP
 D = Non-vault monster count
 E = Vault monster count
 F = Vault count percentage of total count
                 A         B        C        D         E       F
            +---------+---------+-------+---------+---------+-------
      Total |       2 |       0 |   0.0 |       1 |       0 |   0.0
            +---------+---------+-------+---------+---------+-------
        D:4 |       2 |       0 |   0.0 |       1 |       0 |   0.0
            +---------+---------+-------+---------+---------+-------
